 Dungeon Crawl Stone Soup version 0.26-a0-682-g294304f6e8 (webtiles) character file.

Game seed: 15232964777857619687

27 Gargoyl the Skirmisher (level 3, -2/35 HPs)
             Began as a Gnoll Abyssal Knight on Oct 21, 2020.
             Was a Follower of Lugonu.
             Collided with a stone wall (8 damage)
             ... caused by a wretched star
             ... on level 2 of the Abyss.
             The game lasted 00:00:30 (109 turns).

Gargoyl the Skirmisher (Gnoll Abyssal Knight)        Turns: 109, Time: 00:00:31

Health: -2/35      AC:  3    Str: 14    XL:     3   Next: 10%
Magic:  6/6        EV: 12    Int: 14    God:    Lugonu [*.....]
Gold:   25         SH:  0    Dex: 15    Spells: 3/3 levels left

rFire    . . .     SeeInvis .   a - +1 hand axe
rCold    . . .     Faith    .   (no shield)
rNeg     . . .     Spirit   .   b - +0 leather armour
rPois    .         Reflect  .   (no helmet)
rElec    .         Harm     .   (no cloak)
rCorr    .         Rampage  .   (no gloves)
MR       .....                  (no boots)
Stlth    +.........             (no amulet)
HPRegen  0.11/turn              (no ring)
MPRegen  0.10/turn              (no ring)

@: no status effects
A: distributed training, fangs 1, [subdued magic 2], strong nose
a: Depart the Abyss, Renounce Religion


You were on level 2 of the Abyss.
You worshipped Lugonu.
Lugonu was aware of your devotion.
You visited 0 branches of the dungeon, and saw 0 of its levels.
You visited the Abyss 1 time.

You collected 25 gold pieces.

Inventory:

Hand Weapons
 a - a +1 hand axe (weapon)
Armour
 b - a +0 leather armour (worn)
Wands
 c - a wand of disintegration (20)


   Skills:
 + Level 6.5 Fighting
 + Level 0.6 Short Blades
 + Level 0.6 Long Blades
 + Level 4.5 Axes
 + Level 0.6 Maces & Flails
 + Level 0.6 Polearms
 + Level 0.6 Staves
 + Level 0.6 Slings
 + Level 0.6 Bows
 + Level 0.6 Crossbows
 + Level 0.6 Throwing
 + Level 4.5 Armour
 + Level 2.5 Dodging
 + Level 0.6 Stealth
 + Level 0.6 Shields
 + Level 0.6 Unarmed Combat
 + Level 0.6 Spellcasting
 + Level 0.4 Conjurations
 + Level 0.4 Hexes
 + Level 0.4 Summonings
 + Level 0.4 Necromancy
 + Level 0.4 Translocations
 + Level 0.4 Transmutations
 + Level 0.4 Fire Magic
 + Level 0.4 Ice Magic
 + Level 0.4 Air Magic
 + Level 0.4 Earth Magic
 + Level 0.4 Poison Magic
 + Level 4.5 Invocations
 + Level 0.6 Evocations


You had 3 spell levels left.
You didn't know any spells.
Your spell library was empty.

Dungeon Overview and Level Annotations

Branches:
Dungeon (0/15)

Altars:


Innate Abilities, Weirdness & Mutations

Your experience applies equally to all skills.
You have very sharp teeth.
Your uncanny sense of smell can sniff out nearby items.
[Your spells are easier to cast, but less powerful.]


Message History

You see here 21 gold pieces.
A wretched star comes into view.
The wretched star pulses with an eldritch light!
Your connection to magic feels subdued.
Your connection to magic feels more subdued.
An insubstantial wisp comes into view.
You closely miss the insubstantial wisp.
The insubstantial wisp gives a chilling moan.
You hear a chilling moan. x3
Unknown command.
You hear a roar!
The insubstantial wisp hits you.
Found a gateway leading deeper into the Abyss.
The wretched star glows turbulently.
The lance of force hits you!!
Ouch! That really hurt!
* * * LOW HITPOINT WARNING * * *
You are knocked back by the lance of force.
You slam into the stone wall!
You die...

#..##..
.#...#.
.#..#.
..##.##
#..#.### ..
.# #.
.#..#....#.
#..
#..#.##...
.####*#...###
#.. ###..##
.*.
#..v..##.#
...ยง
#.@.....#
##.#
##.##.### .
#.# .# ..> ##
.#. .. .. .#
## ##


You could see a wretched star and an insubstantial wisp.

Vanquished Creatures
  An iron imp (Abyss:2)
1 creature vanquished.

Notes
Turn   | Place    | Note
-------+----------+-------------------------------------------
     0 | Abyss:1  | Gargoyl the Gnoll Abyssal Knight began the quest for the
                  | Orb.
     0 | Abyss:1  | Reached XP level 1. HP: 23/23 MP: 3/3
     6 | Abyss:1  | Found a corrupted altar of Lugonu.
    45 | Abyss:1  | Found a corrupted altar of Lugonu.
    81 | Abyss:2  | Noticed an iron imp
    89 | Abyss:2  | Killed an iron imp
    89 | Abyss:2  | Reached XP level 2. HP: 29/29 MP: 5/5
    89 | Abyss:2  | Reached XP level 3. HP: 35/35 MP: 6/6
    96 | Abyss:2  | Noticed a thrashing horror
   101 | Abyss:2  | Noticed a wretched star
   106 | Abyss:2  | Noticed an insubstantial wisp
   109 | Abyss:2  | Collided with a stone wall

Illustrated notes

Levels and vault maps discovered:
Abyss:2

Action                   || total
-------------------------++-------
Melee: Hand axe          ||     1
Evoke: Wand              ||     1

Table legend: (Time is in decaauts)
 A = Elapsed time spent in this place.
 B = Non-inter-level travel time spent in this place.
 C = Inter-level travel time spent in this place.
 D = Time resting spent in this place.
 E = Time spent auto-exploring this place.
 F = Levels seen in this place.
 G = Mean time per level.
                   A        B        C        D        E       F      G
               +--------+--------+--------+--------+--------+-----+--------+
         Total |    108 |    108 |      0 |      0 |     78 |   2 |   54.0 |
         Abyss |    108 |    108 |      0 |      0 |     78 |   2 |   54.0 |
               +--------+--------+--------+--------+--------+-----+--------+

Top non-repeatable levels by time:
 Abyss:1: 72 daAuts
 Abyss:2: 36 daAuts
